 Dungeon Crawl Stone Soup version 0.30-b1-2-g02819fbbbe (webtiles) character file.

Game seed: 5269614358337418732

821 Barriton the Conjurer (level 7, 0/51 HPs)
             Began as a Green Draconian Conjurer on May 9, 2023.
             Slain by a water moccasin (6 damage)
             ... on level 5 of the Dungeon.
             The game lasted 00:06:56 (4872 turns).

Barriton the Conjurer (Green Draconian Conjurer)    Turns: 4872, Time: 00:06:58

Health: 0/51       AC:  8    Str:  9    XL:     7   Next: 63%
Magic:  0/12       EV: 13    Int: 20    God:
Gold:   231        SH:  0    Dex: 16    Spells: 10/13 levels left

rFire   x . .        h - staff of poison
rCold   + . .        (no shield)
rNeg    . . .        (body armour unavailable)
rPois   +            (helmet restricted)
rElec   .            c - +1 cloak
rCorr   .            (no gloves)
SInv    .            (no boots)
Will    .....        (no amulet)
Stlth   ++           d - +6 ring of dexterity
HPRegen 0.28/turn    j - ring of ice
MPRegen 0.13/turn

%: no passive effects
@: lethally poisoned (0 -> -7)
A: breathe noxious fumes, AC +6, unfitting armour, poison resistance,
cold-blooded
a: Breathe Noxious Fumes


You were on level 5 of the Dungeon.
You visited 1 branch of the dungeon, and saw 5 of its levels.

You collected 231 gold pieces.

Inventory:

Hand Weapons
 f - a +0 whip of holy wrath
Armour
 c - a +1 cloak (worn)
Magical Staves
 h - a staff of poison (weapon)
Jewellery
 d - a +6 ring of dexterity (left hand)
 j - a ring of ice (right hand)
Wands
 l - a wand of flame (8)
Scrolls
 m - a scroll of fear
 n - 3 scrolls of enchant armour {unknown}
Potions
 a - 2 potions of magic
 b - a potion of haste {unknown}
 e - 5 potions of curing
 g - 2 potions of degeneration {unknown}
 i - 3 potions of heal wounds
 k - a potion of might {unknown}


   Skills:
 - Level 0.5 Fighting
 - Level 0.7 Staves
 + Level 2.8 Dodging
 - Level 2.6 Stealth
 + Level 3.6 Spellcasting
 + Level 7.2 Conjurations
 * Level 2.0 Poison Magic
 * Level 2.7 Evocations


You had 10 spell levels left.
You knew the following spells:

 Your Spells              Type           Power      Damage    Failure   Level
a - Magic Dart            Conj           100%       1d8       1%          1
b - Searing Ray           Conj           64%        2d6       1%          2

Your spell library contained the following spells:

 Spells                   Type           Power      Damage    Failure   Level
 Dazzling Flash           Conj/Hex       36%        N/A       9%          3
 Fulminant Prism          Conj/Hex       9%         3d7       30%         4
 Iskenderun's Mystic Bla  Conj/Tloc      18%        2d6       30%         4
 Anguish                  Hex/Necr       1%         N/A       78%         4
 Enfeeble                 Hex            1%         N/A       100%        7


Dungeon Overview and Level Annotations

Branches:
Dungeon (5/15)
 Temple: D:4-7

Altars:
Cheibriados
Dithmenos
Makhleb
Nemelex Xobeh
Qazlal
Ru
Sif Muna
Vehumet
The Shining One

Shops:
D:4 (

Annotations:
D:3 3 runed translucent doors, AurumCu's ghost, amateur MfGl


Innate Abilities, Weirdness & Mutations

You can breathe blasts of noxious fumes.
Your lurid green scales are hard. (AC +6)
You cannot fit into any form of body armour.
Your system is resistant to poisons. (rPois)
You are cold-blooded and may be slowed by cold attacks.


Message History

Press: ? - help, Shift-Dir - straight line, f/p - water moccasin
Aim: a water moccasin (severely wounded, 100% to hit)
The magic dart hits the water moccasin.
The water moccasin is almost dead.
The water moccasin bites you but does no damage.
You closely miss the water moccasin.
The water moccasin is almost dead.
The water moccasin bites you but does no damage.
The water moccasin bites you.
* * * LOW HITPOINT WARNING * * *
You hit the water moccasin.
The water moccasin is almost dead.
The water moccasin misses you.
You hit the water moccasin but do no damage.
Your tail-slap misses the water moccasin.
The water moccasin is almost dead.
The water moccasin bites you but does no damage.
The water moccasin closely misses you.
You hit the water moccasin but do no damage.
Your punch misses the water moccasin.
The water moccasin is almost dead.
The water moccasin barely misses you.
Casting: Magic Dart (safe; 1% risk of failure)
Confirm with . or Enter, or press ? or * to list all spells.
Aiming: Magic Dart (safe; 1% risk of failure)
Press: ? - help, Shift-Dir - straight line, f/p - water moccasin
Aim: a water moccasin (almost dead, 100% to hit)
The magic dart hits the water moccasin.
The water moccasin is almost dead.
The water moccasin bites you.
* * * LOW HITPOINT WARNING * * *
You are lethally poisoned!
The water moccasin poisons you! The water moccasin closely misses you.
You closely miss the water moccasin.
The water moccasin is almost dead.
* * * LOW HITPOINT WARNING * * *
You feel very sick.
The water moccasin bites you but does no damage.
The water moccasin bites you.
You die...

...# ### #### #.<.#
##..# #..### #...# #...#
##...#. #...##<..#
###...... ##........##
##....#...
##..........###...###...
......S..........###....
#@........## #....
#.....#..## #...#
#.....#..# #...#
###..###.## #..## #..#
#..####..#.
#..###.#..##....
#.#...#####..### #..####
##.# #### ###


You could see a water moccasin.

Vanquished Creatures
  A black bear (D:5)
  2 phantoms
  A scorpion (D:4)
  3 wights (D:5)
  A jelly (D:5)
  4 hounds
  An iguana (D:5)
  2 orc wizards (D:5)
  4 adders (D:2)
  A white imp (D:5)
  An ufetubus (D:5)
  A worm (D:4)
  3 dart slugs
  11 orcs
  5 ball pythons
  5 bats
  5 endoplasms
  3 giant cockroaches
  6 goblins
  4 hobgoblins
  7 jackals
  8 kobolds
  4 quokkas
  4 frilled lizards
  A rat (D:2)
88 creatures vanquished.

Notes
Turn   | Place    | Note
-------+----------+-------------------------------------------
     0 | D:1      | Barriton the Draconian Conjurer began the quest for the
                  | Orb.
     0 | D:1      | Reached XP level 1. HP: 14/14 MP: 3/3
     2 | D:1      | Noticed a formicid
     4 | D:1      | Noticed an octopode
     4 | D:1      | Noticed a vampire
     6 | D:1      | Noticed a demigod
     6 | D:1      | Noticed a human
     8 | D:1      | Noticed a draconian
     8 | D:1      | Noticed an armataur
    10 | D:1      | Noticed a gargoyle
    10 | D:1      | Noticed an elf
    12 | D:1      | Noticed a felid
    12 | D:1      | Noticed a minotaur
    14 | D:1      | Noticed an ogre
    16 | D:1      | Noticed a spriggan
    16 | D:1      | Noticed a vine stalker
    18 | D:1      | Noticed a ghoul
    18 | D:1      | Noticed a naga
    20 | D:1      | Noticed a tengu
    20 | D:1      | Noticed a demonspawn
    22 | D:1      | Noticed a merfolk
    22 | D:1      | Noticed a troll
    24 | D:1      | Noticed an octopode
    26 | D:1      | Noticed a felid
    26 | D:1      | Noticed a troll
   371 | D:1      | Reached XP level 2. HP: 20/20 MP: 0/5
  1199 | D:2      | Reached XP level 3. HP: 26/26 MP: 4/6
  1202 | D:2      | Learned a level 2 spell: Searing Ray
  1364 | D:2      | Reached skill level 5 in Conjurations
  1725 | D:2      | Reached XP level 4. HP: 33/33 MP: 5/7
  1820 | D:2      | Found a faded altar of an unknown god.
  2626 | D:3      | Found a burning altar of Makhleb.
  2700 | D:3      | Found a runed translucent gate.
  2700 | D:3      | Found a runed translucent gate.
  2701 | D:3      | Found a runed translucent gate.
  2703 | D:3      | Noticed AurumCu's ghost (amateur MfGl)
  2990 | D:4      | Noticed a scorpion
  3001 | D:4      | Killed a scorpion
  3002 | D:4      | Reached skill level 6 in Conjurations
  3002 | D:4      | Reached XP level 5. HP: 38/38 MP: 0/8
  3075 | D:4      | Found a glowing golden altar of the Shining One.
  3119 | D:4      | Noticed a phantom
  3134 | D:4      | Killed a phantom
  3135 | D:4      | Reached skill level 1 in Evocations
  3214 | D:4      | Reached XP level 6. HP: 43/45 MP: 4/9
  3519 | D:4      | Found a snail-covered altar of Cheibriados.
  3541 | D:4      | Found a shimmering blue altar of Sif Muna.
  3542 | D:4      | Found a sacrificial altar of Ru.
  3542 | D:4      | Found a shadowy altar of Dithmenos.
  3545 | D:4      | Found a radiant altar of Vehumet.
  3546 | D:4      | Found a stormy altar of Qazlal.
  3708 | D:4      | Found a sparkling altar of Nemelex Xobeh.
  3746 | D:4      | Found Codats's Weapon Emporium.
  3848 | D:5      | Entered Level 5 of the Dungeon
  4021 | D:5      | Your scales start taking on a lurid green colour.
  4021 | D:5      | Reached XP level 7. HP: 37/51 MP: 0/11
  4021 | D:5      | Gained mutation: Your system is resistant to poisons.
                  | (rPois) [Green Draconian growth]
  4176 | D:5      | Reached skill level 7 in Conjurations
  4396 | D:5      | Reached skill level 1 in Poison Magic
  4872 | D:5      | Slain by a water moccasin

Illustrated notes

Levels and vault maps discovered:
D:1:      kb_arrival_jail, layout_basic
D:2:      layout_basic, hellmonk_ecumenical_altar_inner_sanctum
D:3:      layout_rooms, mainiacjoe_overflow_six_doors_small,
          gammafunk_ghost_necromancy, minmay_misc_feat_tower
D:4:      layout_cave_pools, mainiacjoe_overflow_chevrons, minitemple,
          lemuel_coloured_pillars_altar, serial_shops, shop
D:5:      layout_layer_cave, lemuel_mausoleum_altar_kikubaaqudgha

Skill      XL: |  1  2  3  4  5  6  7 |
---------------+----------------------+-----
Conjurations   | 5 6 7 |  7.2
Dodging        | 2 |  2.8
Stealth        | 2 |  2.6
Evocations     | 1 2 |  2.7
Spellcasting   | 3 |  3.6
Poison Magic   | 2 |  2.0
Fighting       | |  0.5
Staves         | |  0.7

Action                     |  1- 3 |  4- 6 |  7- 9 || total
---------------------------+-------+-------+-------++-------
  Melee: Unarmed           |     2 |       |       ||     2
         Whip              |     1 |       |       ||     1
         Staff             |       |    32 |    26 ||    58
         Tailslap          |       |     3 |     2 ||     5
   Cast: Magic Dart        |    52 |    98 |    40 ||   190
         Searing Ray       |     1 |     7 |     5 ||    13
    Use: Scroll            |     3 |     4 |       ||     7
 Armour: Skin              |     2 |    25 |    25 ||    52
  Dodge: Dodged            |     3 |    38 |    33 ||    74
